General information
- name: BNet
- type: Ladder team game (AT/RT)
- host: Battle.net
- saver: CallItABargain
map: Slalom
- players: 8
- length: 17:39
- speed: Fast
- version: 1.26 W3XP
- replay type: Public
» download(120 KB)
Players
team 1 (winner)

»
Hold_my_D1CK (
red | 74 APM | 1313 actions | 17:39)
5 Demon Hunter
2 Immolation
3 Mana Burn
3 Naga Sea Witch
1 Frost Arrows
2 Forked Lightning
» actions
| Assign group hotkey | 19 | |
| Basic commands | 39 | |
| Build / train | 61 | |
| Enter build submenu | 22 | |
| Enter hero's abilities submenu | 8 | |
| Give item / drop item | 2 | |
| Right click | 490 | |
| Select / deselect | 151 | |
| Select group hotkey | 461 | |
| Use ability | 60 | |
1313 total
» units
| Wisp | 23 | |
| Hippogryph | 7 | |
| Chimaera | 9 | |
39 total
» upgrades
| Hippogryph Taming | 1 | |
| Corrosive Breath | 1 | |
| Strength of the Wild | 2 | |
| Reinforced Hides | 1 | |
5 total
» buildings
| Moon Well | 9 | |
| Altar of Elders | 1 | |
| Hunter's Hall | 1 | |
| Ancient Protector | 3 | |
| Tree of Ages | 1 | |
| Tree of Life | 1 | |
| Tree of Eternity | 1 | |
| Ancient of Wind | 2 | |
| Ancient of Wonders | 1 | |
| Chimaera Roost | 2 | |
| Ancient of War | 1 | |
23 total
» build order
00:16 Moon Well
00:19 Altar of Elders
01:10 Hunter's Hall
02:19 Ancient Protector
02:27 Ancient Protector
03:12 Tree of Ages
03:17 Moon Well
05:25 Tree of Life
05:37 Moon Well
05:45 Tree of Eternity
05:48 Ancient of Wind
05:53 Ancient of Wind
06:37 Moon Well
07:44 Moon Well
08:09 Ancient of Wonders
08:25 Ancient Protector
08:41 Moon Well
08:48 Chimaera Roost
09:00 Ancient of War
09:18 Chimaera Roost
09:41 Moon Well
10:03 Moon Well
11:51 Moon Well
» items
| Orb of Venom | 1 | |
| Scroll of Town Portal | 1 | |
| Moonstone | 1 | |
| Staff of Sanctuary | 1 | |
| Scroll of Regeneration | 1 | |
5 total
CallItABargain (
green | 64 APM | 1122 actions | 17:39)
6 Blood Mage
3 Flame Strike
2 Siphon Mana
1 Summon Phoenix
» actions
| Assign group hotkey | 100 | |
| Basic commands | 15 | |
| Build / train | 66 | |
| Enter build submenu | 27 | |
| Enter hero's abilities submenu | 6 | |
| Give item / drop item | 2 | |
| Right click | 559 | |
| Select / deselect | 228 | |
| Select group hotkey | 53 | |
| Use ability | 66 | |
1122 total
» units
| Peasant | 18 | |
| Footman | 7 | |
| Siege Engine | 4 | |
29 total
» upgrades
| Lumber Harvesting | 2 | |
| Masonry | 3 | |
| Gunpowder | 3 | |
| Plating | 2 | |
10 total
» buildings
| Altar of Kings | 1 | |
| Barracks | 1 | |
| Farm | 5 | |
| Keep | 1 | |
| Town Hall | 1 | |
| Arcane Vault | 1 | |
| Lumber Mill | 2 | |
| Scout Tower | 7 | |
| Castle | 1 | |
| Blacksmith | 1 | |
| Workshop | 3 | |
| Guard Tower | 2 | |
| Arcane Sanctum | 1 | |
27 total
» build order
00:36 Altar of Kings
00:38 Barracks
00:51 Farm
01:04 Farm
01:33 Farm
01:59 Farm
04:06 Keep
04:16 Town Hall
04:28 Arcane Vault
05:24 Lumber Mill
05:42 Scout Tower
05:44 Scout Tower
05:47 Scout Tower
05:50 Scout Tower
06:35 Castle
06:46 Blacksmith
08:08 Workshop
08:09 Workshop
08:09 Workshop
09:00 Guard Tower
09:01 Scout Tower
09:02 Scout Tower
09:02 Scout Tower
09:41 Guard Tower
09:56 Farm
14:32 Arcane Sanctum
14:42 Lumber Mill
» items
| Scroll of Regeneration | 3 | |
| Potion of Invisibility | 3 | |
| Boots of Speed | 1 | |
| Staff of Teleportation | 1 | |
| Periapt of Vitality | 1 | |
| Potion of Mana | 2 | |
| Potion of Healing | 2 | |
| Scroll of Town Portal | 2 | |
| Lesser Clarity Potion | 1 | |
16 total

»
agoodnoob (
orange | 36 APM | 642 actions | 17:39)
3 Dreadlord
2 Sleep
1 Vampiric Aura
» actions
| Build / train | 61 | |
| Enter build submenu | 20 | |
| Enter hero's abilities submenu | 4 | |
| Remove unit from queue | 7 | |
| Right click | 322 | |
| Select / deselect | 195 | |
| Use ability | 33 | |
642 total
» units
| Acolyte | 12 | |
| Ghoul | 3 | |
| Crypt Fiend | 10 | |
| Gargoyle | 2 | |
| Obsidian Statue | 7 | |
34 total
» upgrades
| Web | 1 | |
| Creature Attack | 1 | |
| Creature Carapace | 1 | |
| Destroyer Form | 1 | |
4 total
» buildings
| Altar of Darkness | 1 | |
| Ziggurat | 9 | |
| Graveyard | 1 | |
| Necropolis | 2 | |
| Crypt | 1 | |
| Tomb of Relics | 1 | |
| Spirit Tower | 6 | |
| Nerubian Tower | 1 | |
| Halls of the Dead | 1 | |
| Black Citadel | 1 | |
| Slaughterhouse | 2 | |
26 total
» build order
00:43 Altar of Darkness
01:10 Ziggurat
01:17 Graveyard
01:47 Necropolis
01:52 Necropolis
02:17 Crypt
03:46 Tomb of Relics
03:52 Ziggurat
03:55 Ziggurat
04:01 Ziggurat
04:47 Spirit Tower
04:50 Spirit Tower
04:53 Nerubian Tower
06:05 Ziggurat
06:33 Ziggurat
07:12 Halls of the Dead
07:25 Spirit Tower
08:42 Ziggurat
08:45 Ziggurat
09:04 Ziggurat
09:37 Spirit Tower
09:38 Spirit Tower
10:46 Spirit Tower
11:19 Black Citadel
13:24 Slaughterhouse
14:49 Slaughterhouse
» items
| Rod of Necromancy | 1 | |
| Potion of Healing | 1 | |
| Scroll of Town Portal | 1 | |
3 total
N0fX (
purple | 45 APM | 786 actions | 17:39)
5 Paladin
3 Holy Light
2 Divine Shield
4 Mountain King
2 Storm Bolt
2 Thunder Clap
» actions
| Basic commands | 134 | |
| Build / train | 48 | |
| Enter build submenu | 25 | |
| Enter hero's abilities submenu | 9 | |
| Remove unit from queue | 1 | |
| Right click | 280 | |
| Select / deselect | 237 | |
| Use ability | 52 | |
786 total
» units
| Peasant | 7 | |
| Footman | 9 | |
| Rifleman | 1 | |
| Mortar Team | 3 | |
| Knight | 6 | |
26 total
» upgrades
| Plating | 1 | |
| Barrage | 1 | |
| Animal War Training | 1 | |
3 total
» buildings
| Altar of Kings | 1 | |
| Barracks | 2 | |
| Farm | 15 | |
| Blacksmith | 1 | |
| Arcane Vault | 1 | |
| Scout Tower | 1 | |
| Arcane Tower | 1 | |
| Lumber Mill | 1 | |
| Keep | 1 | |
| Castle | 1 | |
| Workshop | 1 | |
26 total
» build order
00:06 Altar of Kings
00:22 Barracks
00:35 Farm
01:05 Farm
02:16 Blacksmith
02:21 Arcane Vault
02:40 Scout Tower
03:15 Arcane Tower
03:44 Farm
04:27 Lumber Mill
04:29 Keep
06:16 Farm
06:17 Farm
06:51 Castle
06:54 Barracks
06:57 Workshop
07:00 Farm
08:51 Farm
08:55 Farm
08:56 Farm
09:18 Farm
09:20 Farm
13:30 Farm
13:39 Farm
13:40 Farm
15:52 Farm
team 2 (loser)

»
l)eaTHELF (
yellow | 64 APM | 1136 actions | 17:38)
6 Demon Hunter
3 Immolation
1 Mana Burn
1 Evasion
1 Metamorphosis
» actions
| Assign group hotkey | 10 | |
| Build / train | 48 | |
| Enter build submenu | 16 | |
| Enter hero's abilities submenu | 6 | |
| Remove unit from queue | 7 | |
| Right click | 511 | |
| Select / deselect | 310 | |
| Select group hotkey | 190 | |
| Use ability | 38 | |
1136 total
» units
| Wisp | 16 | |
| Huntress | 9 | |
| Glaive Thrower | -3 | |
| Archer | 3 | |
| Dryad | 4 | |
29 total
» upgrades
| Strength of the Moon | 1 | |
| Moon Armor | 1 | |
| Abolish Magic | 1 | |
3 total
» buildings
| Altar of Elders | 1 | |
| Moon Well | 6 | |
| Hunter's Hall | 1 | |
| Ancient of War | 3 | |
| Tree of Life | 1 | |
| Tree of Ages | 1 | |
| Tree of Eternity | 1 | |
| Ancient of Wonders | 1 | |
| Ancient of Lore | 2 | |
17 total
» build order
00:12 Altar of Elders
00:21 Moon Well
01:16 Moon Well
01:44 Hunter's Hall
02:28 Ancient of War
02:43 Ancient of War
02:55 Ancient of War
03:19 Moon Well
04:06 Moon Well
08:53 Tree of Life
10:05 Tree of Ages
12:59 Moon Well
13:01 Tree of Eternity
13:06 Ancient of Wonders
13:13 Ancient of Lore
13:17 Ancient of Lore
13:20 Moon Well
HeavyNubToCarry (
teal | 45 APM | 730 actions | 16:21)
3 Blademaster
2 Wind Walk
1 Critical Strike
» actions
| Basic commands | 12 | |
| Build / train | 81 | |
| Enter build submenu | 20 | |
| Enter hero's abilities submenu | 3 | |
| Right click | 390 | |
| Select / deselect | 180 | |
| Use ability | 44 | |
730 total
» units
| Peon | 30 | |
| Grunt | 12 | |
| Tauren | 1 | |
| Troll Headhunter/Berserker | 15 | |
58 total
» upgrades
| Melee Weapons | 2 | |
| Armor | 2 | |
| Pillage | 1 | |
| Spiked Barricades | 2 | |
| Berserker Strength | 1 | |
| Troll Regeneration | 1 | |
| Shaman Training | 2 | |
| Berserker Upgrade | 1 | |
| Witch Doctor Training | 1 | |
13 total
» buildings
| Altar of Storms | 1 | |
| Orc Burrow | 5 | |
| Barracks | 2 | |
| Voodoo Lounge | 1 | |
| War Mill | 1 | |
| Great Hall | 1 | |
| Stronghold | 1 | |
| Watch Tower | 8 | |
| Fortress | 1 | |
| Spirit Lodge | 2 | |
| Tauren Totem | 1 | |
24 total
» build order
00:07 Altar of Storms
00:21 Orc Burrow
01:19 Orc Burrow
02:01 Barracks
02:04 Barracks
02:31 Voodoo Lounge
02:32 Orc Burrow
03:31 War Mill
05:31 Great Hall
07:59 Orc Burrow
09:24 Stronghold
09:27 Orc Burrow
09:59 Watch Tower
09:59 Watch Tower
10:00 Watch Tower
11:48 Fortress
11:53 Spirit Lodge
11:56 Spirit Lodge
13:13 Watch Tower
13:15 Watch Tower
13:18 Watch Tower
14:20 Tauren Totem
14:28 Watch Tower
14:31 Watch Tower
» items
| Healing Salve | 2 | |
| Scroll of Speed | 1 | |
3 total
zumbi_80 (
blue | 83 APM | 1384 actions | 16:37)
4 Warden
2 Shadow Strike
2 Blink
» actions
| Assign group hotkey | 27 | |
| Build / train | 49 | |
| Enter build submenu | 12 | |
| Enter hero's abilities submenu | 4 | |
| Remove unit from queue | 1 | |
| Right click | 623 | |
| Select / deselect | 170 | |
| Select group hotkey | 455 | |
| Use ability | 43 | |
1384 total
» units
| Wisp | 6 | |
| Archer | 19 | |
| Hippogryph | 13 | |
38 total
» upgrades
| Improved Bows | 1 | |
| Hippogryph Taming | 1 | |
| Ultravision | 1 | |
| Strength of the Moon | 1 | |
| Moon Armor | 1 | |
5 total
» buildings
| Altar of Elders | 1 | |
| Moon Well | 5 | |
| Ancient of War | 1 | |
| Tree of Ages | 1 | |
| Hunter's Hall | 1 | |
| Ancient of Wind | 1 | |
| Ancient Protector | 1 | |
| Tree of Life | 1 | |
12 total
» build order
00:10 Altar of Elders
00:23 Moon Well
00:43 Ancient of War
02:37 Moon Well
03:44 Moon Well
04:04 Tree of Ages
04:45 Moon Well
05:43 Moon Well
06:18 Hunter's Hall
07:21 Ancient of Wind
09:07 Ancient Protector
13:19 Tree of Life
prestonisgay (
pink | 17 APM | 274 actions | 16:29)
3 Far Seer
2 Feral Spirit
1 Chain Lighting
» actions
| Assign group hotkey | 6 | |
| Build / train | 35 | |
| Enter build submenu | 20 | |
| Enter hero's abilities submenu | 3 | |
| Right click | 83 | |
| Select / deselect | 70 | |
| Select group hotkey | 32 | |
| Use ability | 25 | |
274 total
» units
| Peon | 15 | |
| Troll Headhunter/Berserker | 7 | |
| Tauren | 4 | |
26 total
» upgrades
| Armor | 1 | |
| Spiked Barricades | 1 | |
| Pulverize | 1 | |
3 total
» buildings
| Altar of Storms | 1 | |
| Barracks | 1 | |
| Orc Burrow | 7 | |
| War Mill | 1 | |
| Stronghold | 1 | |
| Great Hall | 1 | |
| Fortress | 1 | |
| Tauren Totem | 2 | |
| Watch Tower | 5 | |
20 total
» build order
00:28 Altar of Storms
00:42 Barracks
00:47 Orc Burrow
02:12 War Mill
02:27 Orc Burrow
03:31 Orc Burrow
05:08 Orc Burrow
05:13 Stronghold
06:45 Orc Burrow
07:47 Great Hall
08:57 Orc Burrow
09:01 Fortress
09:55 Orc Burrow
12:07 Tauren Totem
12:16 Tauren Totem
13:39 Watch Tower
13:45 Watch Tower
13:50 Watch Tower
13:58 Watch Tower
14:10 Watch Tower
Chat log
(00:13 / All) CallItABargain: Top 10 gayest bands:
(00:15 / All) CallItABargain: 1. NOFX
(00:23 / All) l)eaTHELF: lol
(00:25 / All) CallItABargain: Let's call it a top 1 list and leave it at that
(00:28 / All) N0fX: ill skull fuck your mother
(00:38 / All) l)eaTHELF: lol
(00:43 / All) N0fX: you dick riding faggot
(00:55 / All) N0fX: hows that sound bro?
(01:00 / All) CallItABargain: No thank you
(01:10 / All) CallItABargain: offer it to the lead singer of NOFX
(01:15 / All) CallItABargain: I bet he'd take you up on the offer
(01:19 / All) N0fX: your a waste of life
(01:23 / All) N0fX: ignorant
(01:30 / All) CallItABargain: Ignorant of what?
(01:32 / All) N0fX: dont know anyting about anything
(01:32 / All) prestonisgay: who are we talking about lol
(01:42 / All) N0fX: greens mom
(01:52 / All) prestonisgay: greens mom is a nice lady
(01:53 / Allies) N0fX: units
(02:02 / All) N0fX: yea actually shes not too bad
(02:06 / All) N0fX: generous
(02:16 / All) prestonisgay: So you dont say that
(02:25 / All) N0fX: how about i fuck your mom
(02:29 / All) N0fX: in her ear
(02:39 / All) prestonisgay: my mom died when i was 19:/
(02:44 / All) CallItABargain: I don't know man, I don't think too many women
(02:48 / All) CallItABargain: are into sissies that listen to NOFX
(02:55 / All) N0fX: i love it
(03:06 / All) N0fX: just for the hell of it, lemme hear badn you think is good
(03:12 / All) N0fX: and ill tell you what your opinion is worth
(03:31 / All) N0fX: yep
(03:33 / All) N0fX: think hard
(03:39 / All) N0fX: bitch
(03:41 / All) prestonisgay: idk what your saying
(04:19 / Allies) CallItABargain: those creeps kicked my ass
(04:33 / All) CallItABargain: I like The Dear Hunter
(04:39 / All) CallItABargain: Tool
(04:47 / All) CallItABargain: Fiona Apple
(04:49 / All) N0fX: your a nu metal shit head
(04:51 / All) N0fX: fuck u
(04:52 / All) CallItABargain: lol
(04:56 / All) CallItABargain: that's not nu metal any of them
(05:04 / All) N0fX: no
(05:06 / All) CallItABargain: tool is thrash and prog
(05:07 / All) N0fX: but you say those bands
(05:10 / All) CallItABargain: the dear hunter is indie rock
(05:10 / All) N0fX: to have credibility
(05:14 / All) N0fX: i know what you really like
(05:20 / All) N0fX: girlboy
(05:28 / All) CallItABargain: lol
(06:19 / All) CallItABargain: should have flamestruck
(06:21 / All) CallItABargain: GOD WHAT AN IDIOT
(08:11 / Allies) N0fX: wow
(08:14 / Allies) N0fX: whats wrong with u
(08:20 / Allies) N0fX: you guys dont come
(08:20 / Allies) CallItABargain: who
(08:23 / Allies) N0fX: when you see 4 ppl
(08:38 / Allies) agoodnoob: shh
(09:20 / Allies) CallItABargain: what fucking retards
(09:23 / Allies) CallItABargain: rushing on this map
(10:28 / Allies) N0fX: yea
(10:29 / Allies) N0fX: we lost
(10:32 / Allies) CallItABargain: lawl no
(10:39 / Allies) N0fX: you know why
(10:40 / Allies) N0fX: we lost?
(10:48 / Allies) N0fX: becvause where are your units
(10:49 / Allies) N0fX: all of you
(10:57 / Allies) N0fX: while my base gets eaten away
(11:01 / Allies) N0fX: yep
(11:04 / Allies) N0fX: take longer
(11:08 / Allies) N0fX: you can win 3vs4
(11:26 / Allies) N0fX: coutner
(11:27 / Allies) N0fX: red
(11:27 / Allies) N0fX: orange
(11:28 / Allies) CallItABargain: dude they rushed on this map
(11:29 / Allies) CallItABargain: they lost
(11:30 / Allies) N0fX: do something
(11:34 / Allies) N0fX: let go
(11:35 / Allies) agoodnoob: i am
(11:39 / Allies) agoodnoob: im pro
(11:51 / All) N0fX: gg nubs
(12:10 / All) CallItABargain: purple check out "city escape" by the dear hunter
(12:12 / All) CallItABargain: it's not nu metal
(12:30 / Allies) N0fX: my cousin likes them
(12:33 / Allies) N0fX: deer hutner
(12:41 / All) CallItABargain: it's a play on deer hunter
(12:43 / All) CallItABargain: dear
(12:49 / Allies) N0fX: oh right
(13:16 / All) CallItABargain: I wonder if rush has ever been successful on this map
(13:30 / All) l)eaTHELF: ya
(13:33 / All) l)eaTHELF: it has
(13:39 / All) CallItABargain: amazing
(13:46 / All) CallItABargain: it takes two years to get to the other base
(13:57 / Allies) N0fX: yep
(15:00 / All) N0fX: burrows purp!
(15:30 / All) CallItABargain: I lost two allies before on a rush here and won with chippo
(15:31 / All) CallItABargain: lawl
(16:46 / Allies) agoodnoob: i won us the game
(16:53 / All) l)eaTHELF: nice tanks green
(17:36 / All) l)eaTHELF: gg